 Dungeon Crawl Stone Soup version 0.24-a0-416-g56ce5178b7 (webtiles) character file.

Game seed: 3783246363167756350

3859 KristoblXynda the Chucker (level 9, 0/76 HPs)
             Began as a Troll Hunter on June 9, 2019.
             Was a Priest of Okawaru.
             Killed from afar by Psyche (9 damage)
             ... with a magic dart
             ... on level 8 of the Dungeon.
             The game lasted 00:13:41 (6000 turns).

KristoblXynda the Chucker (Troll Hunter)            Turns: 6000, Time: 00:13:42

Health: 0/76       AC:  9    Str: 26    XL:     9   Next: 99%
Magic:  10/10      EV: 12    Int: 10    God:    Okawaru [***...]
Gold:   407        SH:  0    Dex: 10    Spells: 8/8 levels left

rFire    . . .     SeeInvis .     - Unarmed
rCold    . . .     Gourm    +   (no shield)
rNeg     . . .     Faith    .   h - +0 troll leather armour
rPois    .         Spirit   .   (helmet restricted)
rElec    .         Reflect  .   x - +0 cloak
rCorr    .         Harm     .   (gloves unavailable)
MR       .....                  (boots unavailable)
Stlth    +.........             (no amulet)
HPRegen  1.02/turn              s - +4 ring of strength
MPRegen  0.12/turn              (no ring)

@: about to teleport
A: large, unfitting armour, claws 3, fast metabolism 3, gourmand, regeneration
1, shaggy fur 1, tough skin 3
a: Heroism, Renounce Religion


You were on level 8 of the Dungeon.
You worshipped Okawaru.
Okawaru was most pleased with you.
You were very hungry.

You visited 2 branches of the dungeon, and saw 9 of its levels.

You collected 407 gold pieces.

Inventory:

Hand Weapons
 l - a +3 war axe of flaming
Missiles
 c - 15 large rocks (quivered)
 d - 4 throwing nets
Armour
 h - a +0 troll leather armour (worn)
 x - a +0 cloak (worn)
Jewellery
 s - a +4 ring of strength (left claw)
Wands
 w - a wand of digging (6)
 z - a wand of paralysis (9)
Scrolls
 a - a scroll of fear {unknown}
 b - 3 scrolls of enchant armour {unknown}
 g - 2 scrolls of remove curse
 i - 2 scrolls of teleportation
 j - a scroll of identify
 m - a scroll of blinking {unknown}
 o - a scroll of amnesia {unknown}
 r - a scroll of fog
 u - a scroll of random uselessness {unknown}
Potions
 e - 4 potions of mutation
 k - a potion of invisibility
 n - a potion of flight
 p - a potion of cancellation
 q - 2 potions of haste
 t - a potion of heal wounds
 v - a potion of might
Comestibles
 f - 14 rations


   Skills:
 - Level 1.5 Fighting
 + Level 7.9 Throwing
 - Level 3.0 Armour
 + Level 6.5 Dodging
 - Level 0.3 Stealth
 + Level 7.5 Unarmed Combat
 + Level 3.7 Invocations


You had 8 spell levels left.
You didn't know any spells.
Your spell library contained the following spells:

 Spells                   Type           Power        Failure   Level  Hunger
 Confusing Touch          Hex            #.....       38%         1    ##.....
 Confuse                  Hex            #.......     77%         3    ####...
 Gell's Gravitas          Tloc           #.........   77%         3    ####...
 Petrify                  Tmut/Erth      #.......     99%         4    #####..
 Bolt of Magma            Conj/Fire/Erth #.........   100%        5    ######.
 Iskenderun's Battlesphe  Conj/Chrm      #.......     100%        5    ######.
 Metabolic Englaciation   Hex/Ice        #.........   100%        5    ######.
 Venom Bolt               Conj/Pois      #.........   100%        5    ######.
 Yara's Violent Unravell  Hex/Tmut       #.........   100%        5    ######.
 Iron Shot                Conj/Erth      #.........   100%        6    #######
 Orb of Destruction       Conj           #.........   100%        7    #######
 Spellforged Servitor     Conj/Summ      #.........   100%        7    #######


Dungeon Overview and Level Annotations

Branches:
Dungeon (8/15)             Temple (1/1) D:4
   Lair: D:8-11

Altars:
Ashenzari
Cheibriados
Dithmenos
Elyvilon
Fedhas
Gozag
Hepliaklqana
Kikubaaqudgha
Makhleb
Nemelex Xobeh
Okawaru
Qazlal
Ru
Sif Muna
Trog
Uskayaw
Vehumet
Wu Jian
Xom
Yredelemnul
Zin
The Shining One

Shops:
D:6 *

Annotations:
D:8 Psyche


Innate Abilities, Weirdness & Mutations

You are too large for most types of armour.
You have claws for hands.
Your metabolism is lightning-fast.
You like to eat raw meat.
Your natural rate of healing is unusually fast.
You are covered in fur. (AC +1)
You have extremely tough skin. (AC +3)


Message History

The arrow closely misses you.
You see here an arrow.
Psyche begins to cast a cantrip, but forgets the words!
The bullfrog hits you but does no damage.
The centaur shoots an arrow.
The arrow completely misses you. The bullfrog hits you.
* * * LOW HITPOINT WARNING * * *
You see here an arrow.
Unknown command.
As you read the scroll of teleportation, it crumbles to dust.
You feel strangely unstable. Psyche hits you but does no damage.
You blink.
The centaur shoots an arrow.
The arrow barely misses you.
Found an arrow, a fluorescent wand and a ration.
You scratch the bush but do no damage.
The centaur shoots an arrow.
The arrow hits you!
* * * LOW HITPOINT WARNING * * *
Unknown command.
Psyche gestures at you while chanting. The magic dart hits you!
You die... ..... ..##.# PPP...

..#%.. P.P...
.../..
.♣P...PPPP......
PPP(..PPPP......#.
.................
....⌠...........
###
.......@(c......
##>##
PPP...PPPP....##
#...#
..P...PPPPF...#
#.⌠.# ..P...
PPP..#@## #...#


PPP.. PP..(§..## ##.## ............#@..####.## ?..........####)..#...##
#...#..#.## #...'.⌠... ##... #..###...## You could see Psyche, a bullfrog and a
centaur.

Vanquished Creatures
  Harold (D:7)
  Joseph (D:7)
  Sigmund (D:6)
  A wraith (D:6)
  Menkaure (D:7)
  A hungry ghost (D:7)
  A water moccasin (D:8)
  4 orc warriors
  A sky beast (D:7)
  A necrophage (D:6)
  A phantom (D:4)
  A centaur (D:6)
  5 bullfrogs
  A water moccasin skeleton (D:7)
  A scorpion (D:8)
  2 howler monkeys
  Crazy Yiuf (D:6)
  A jelly (D:5)
  A bullfrog skeleton (D:5)
  2 orc priests (D:6)
  5 hounds
  An iron imp (D:7)
  5 orc wizards
  2 iguanas
  9 worker ants
  A hound skeleton (D:7)
  3 worker ant zombies
  4 gnolls
  A howler monkey skeleton (D:4)
  7 adders
  3 adder skeletons
  5 worms
  6 leopard geckos
  29 orcs
  A ball python (D:1)
  5 giant cockroaches
  7 goblins
  4 hobgoblins
  6 jackals
  3 quokkas
  5 bats
  6 frilled lizards
  A jackal skeleton (D:4)
  6 kobolds
  A quokka skeleton (D:5)
  5 rats
  A fungus (D:6)
161 creatures vanquished.

Notes
Turn   | Place    | Note
-------+----------+-------------------------------------------
     0 | D:1      | KristoblXynda the Troll Hunter began the quest for the Orb.
     0 | D:1      | Reached XP level 1. HP: 19/19 MP: 0/0
   158 | D:1      | Reached XP level 2. HP: 25/27 MP: 1/1
   263 | D:1      | Reached skill level 1 in Unarmed Combat
   884 | D:2      | Reached XP level 3. HP: 24/33 MP: 2/2
  1458 | D:2      | Reached XP level 4. HP: 41/41 MP: 3/3
  1770 | D:3      | Reached XP level 5. HP: 18/48 MP: 4/4
  2267 | D:4      | Noticed a phantom
  2297 | D:4      | Killed a phantom
  2297 | D:4      | Reached XP level 6. HP: 37/55 MP: 5/5
  2411 | D:4      | Reached skill level 5 in Throwing
  2950 | D:4      | Found a staircase to the Ecumenical Temple.
  2970 | Temple   | Entered the Ecumenical Temple
  3040 | Temple   | Became a worshipper of Warmaster Okawaru
  3425 | D:4      | Reached XP level 7. HP: 54/62 MP: 6/6
  3628 | D:5      | Entered Level 5 of the Dungeon
  3744 | D:5      | Found a basalt altar of Yredelemnul.
  3812 | D:5      | Found an ancient bone altar of Kikubaaqudgha.
  4077 | D:6      | Noticed Sigmund
  4083 | D:6      | Reached * piety under Okawaru
  4087 | D:6      | Reached skill level 1 in Armour
  4089 | D:6      | Noticed a wraith
  4102 | D:6      | Killed a wraith
  4102 | D:6      | Reached skill level 5 in Unarmed Combat
  4102 | D:6      | Reached XP level 8. HP: 60/70 MP: 7/7
  4209 | D:6      | Killed Sigmund
  4286 | D:6      | Reached skill level 5 in Dodging
  4316 | D:6      | Reached ** piety under Okawaru
  4486 | D:6      | Found an opulent altar of Gozag.
  4627 | D:6      | Found a runed translucent door.
  4628 | D:6      | Noticed Crazy Yiuf
  4638 | D:6      | Killed Crazy Yiuf
  4800 | D:6      | Found Siqaugia's General Store.
  4815 | D:6      | Found a shadowy altar of Dithmenos.
  4902 | D:7      | Reached XP level 9. HP: 76/76 MP: 8/8
  4923 | D:7      | Noticed Harold
  4940 | D:7      | Killed Harold
  4940 | D:7      | Reached *** piety under Okawaru
  4940 | D:7      | Received a gift from Okawaru
  5004 | D:7      | Noticed Menkaure
  5226 | D:7      | Killed Menkaure
  5423 | D:7      | Found a snail-covered altar of Cheibriados.
  5581 | D:7      | Got an encrusted trident
  5582 | D:7      | Identified the cursed +1 trident "Spiderslayer" {vamp, rF++
                  | MP+9} (You found it on level 7 of the Dungeon)
  5622 | D:7      | Noticed Joseph
  5642 | D:7      | Killed Joseph
  5975 | D:8      | Noticed Psyche
  6000 | D:8      | Killed from afar by Psyche

Levels and vault maps discovered:
D:1:      grunt_arrival_lava_bath, layout_basic
D:2:      layout_loops_ring
D:3:      layout_basic
D:4:      layout_cave_pools, minmay_temple_entry_trees, first_ration
D:5:      layout_rooms, kiku_gazebo_pond_becter, yredelemnul_altar_generic
D:6:      layout_rooms, lemuel_doored_altar, grunt_gozag_statues, serial_shops,
          shop, uniq_sigmund, uniq_crazy_yiuf_cottage
D:7:      layout_loops_cross, slow_altar_1, uniq_menkaure, uniq_joseph,
          uniq_harold
D:8:      layout_cave_pools, serial_park, serial_park_square2, serial_shops,
          shop, grunt_ministairs_5, uniq_psyche
Temple:   dpeg_five_rooms_temple

Skill      XL: |  1  2  3  4  5  6  7  8  9 |
---------------+----------------------------+-----
Unarmed Combat | 1 2 3 4 5 6 7 |  7.5
Dodging        | 2 3 4 5 6 |  6.5
Throwing       | 4 5 6 7 |  7.9
Armour         | 1 3 |  3.0
Invocations    | 3 |  3.7
Fighting       | |  1.5
Stealth        | |  0.3

Action                   |  1- 3 |  4- 6 |  7- 9 || total
-------------------------+-------+-------+-------++-------
Melee: Unarmed           |   124 |   187 |   287 ||   598
       Punch             |     1 |     1 |     6 ||     8
Throw: Large rock        |       |       |    11 ||    11
  Use: Scroll            |       |     5 |    12 ||    17
       Potion            |       |     4 |     2 ||     6
 Stab: Sleeping          |     2 |       |     1 ||     3
  Eat: Chunk             |    19 |    16 |    26 ||    61
Armor: Robe              |    47 |    56 |       ||   103
       Skin              |       |     1 |     6 ||     7
       Troll leather arm |       |       |    93 ||    93
Dodge: Dodged            |    65 |   111 |   148 ||   324

Table legend:
 A = Non-vault XP
 B = Vault XP
 C = Vault XP percentage of total XP
 D = Non-vault monster count
 E = Vault monster count
 F = Vault count percentage of total count
                 A         B        C        D         E       F
            +---------+---------+-------+---------+---------+-------
      Total |    3441 |    2072 |  37.6 |     152 |       8 |   5.0
            +---------+---------+-------+---------+---------+-------
        D:1 |      40 |       0 |   0.0 |      24 |       0 |   0.0
        D:2 |      60 |       0 |   0.0 |      17 |       0 |   0.0
        D:3 |     158 |       0 |   0.0 |      18 |       0 |   0.0
        D:4 |     523 |       0 |   0.0 |      34 |       0 |   0.0
        D:5 |     321 |       0 |   0.0 |      14 |       0 |   0.0
        D:6 |    1345 |     249 |  15.6 |      28 |       2 |   6.7
        D:7 |     761 |    1663 |  68.6 |      14 |       4 |  22.2
        D:8 |     233 |     160 |  40.7 |       3 |       2 |  40.0
            +---------+---------+-------+---------+---------+-------
